 Dungeon Crawl Stone Soup version 0.17.1-2-g5865329 (webtiles) character file.

2830 seren the Destroyer (level 9, 0/72 HPs)
             Began as a Mottled Draconian Conjurer on Feb 2, 2016.
             Was an Initiate of Vehumet.
             Succumbed to a killer bee's poison
             ... on level 7 of the Dungeon on Feb 3, 2016.
             The game lasted 01:28:12 (12492 turns).

seren the Destroyer (Mottled Draconian Conjurer)   Turns: 12492, Time: 01:28:12

Health: 0/72       AC:  8    Str:  7 (10) XL:     9   Next: 45%
Magic:  8/16       EV: 13    Int: 19      God:    Vehumet [......]
Gold:   459        SH:  0    Dex: 12      Spells: 4 memorised, 5 levels left

rFire  . . .     SeeInvis .     M - staff of conjuration
rCold  + . .     Clarity  +     (armour unavailable)
rNeg   . . .     SustAt   .     (no shield)
rPois  .         Gourm    .     (helmet restricted)
rElec  .         Spirit   .     (no cloak)
rCorr  .         Warding  .     (no gloves)
rMut   .         Stasis   .     q - +0 pair of boots
MR     .....                    w - amulet of clarity
Stlth  ++........               (no ring)
                                (no ring)

@: lethally poisoned (0 -> -4), drained, not resistant to hostile enchantments,
unstealthy
A: breathe sticky flame splash, unfitting armour, cold resistance 1,
cold-blooded, AC +7
a: Breathe Sticky Flame, Renounce Religion


You were on level 7 of the Dungeon.
You worshipped Vehumet.
Vehumet was noncommittal.
You were not hungry.

You visited 2 branches of the dungeon, and saw 9 of its levels.

You collected 459 gold pieces.

Inventory:

Hand Weapons
 a - a +0 whip
 e - a -2 blowgun
 B - a +0 quarterstaff
Missiles
 d - 113 stones (quivered)
 z - 36 poisoned needles
Armour
 l - a +0 shield
 q - a +0 pair of boots (worn)
Magical Staves
 A - an uncursed staff of fire
 M - an uncursed staff of conjuration (weapon)
 N - an uncursed staff of summoning {unknown}
Jewellery
 m - an uncursed amulet of regeneration
 w - an amulet of clarity (around neck)
Wands
 E - a wand of polymorph (17)
 F - a wand of disintegration (17)
Scrolls
 c - a scroll of amnesia {unknown}
 g - 2 scrolls of random uselessness
 h - a scroll of fog {unknown}
 i - a scroll of identify
 n - a scroll of enchant weapon {unknown}
 p - a scroll of vulnerability {unknown}
 s - 3 scrolls of teleportation
 t - a scroll of magic mapping {unknown}
 y - a scroll of noise {unknown}
 H - a scroll of recharging
 J - a scroll of blinking {unknown}
Potions
 f - 2 potions of ambrosia
 j - a potion of resistance
 k - a potion of magic
 r - a potion of haste
 C - a potion of flight
 D - a potion of might
 G - a potion of cancellation {unknown}
 I - a potion of lignification {unknown}
 K - a potion of curing {unknown}
Books
 x - a book of Conjurations

   Spells                             Type                      Level
   a - Magic Dart                     Conjuration                  1
   b - Searing Ray                    Conjuration                  2
   c - Dazzling Spray                 Conjuration/Hexes            3
   d - Fulminant Prism                Conjuration/Hexes            4
   e - Iskenderun's Mystic Blast      Conjuration                  4
   f - Iskenderun's Battlesphere      Conjuration/Charms           5
Comestibles
 b - 3 bread rations
 o - 3 meat rations


   Skills:
 + Level 4.5(4.0) Fighting
 + Level 3.5(3.0) Staves
 + Level 4.2(3.8) Dodging
 - Level 1.7(1.3) Stealth
 + Level 4.8(4.4) Spellcasting
 * Level 10.2(9.6) Conjurations
 + Level 2.1(1.6) Charms


You had 5 spell levels left.
You knew the following spells:

 Your Spells              Type           Power        Failure   Level  Hunger
a - Magic Dart            Conj           ####         1%          1    None
b - Searing Ray           Conj           ######       1%          2    #......
c - Iskenderun's Mystic   Conj           ######..     2%          4    ####...
d - Iskenderun's Battles  Conj/Chrm      #####...     38%         5    ######.


Dungeon Overview and Level Annotations

Branches:
Dungeon (8/15)             Temple (1/1) D:7
   Lair: D:8-11

Altars:
Ashenzari
Cheibriados
Dithmenos
Elyvilon
Gozag
Kikubaaqudgha
Makhleb
Nemelex Xobeh
Okawaru
Qazlal
Ru
Vehumet
Xom
Yredelemnul
Zin
The Shining One

Annotations:
D:4 Sigmund
D:6 kraktruk's ghost, novice DrMo


Innate Abilities, Weirdness & Mutations

You can spit globs of burning liquid.
You can ignite nearby creatures when you spit burning liquid.
Your weird mottled scales are hard (AC +7).
Your body does not fit into most forms of armour.
You are cold-blooded and may be slowed by cold attacks.
Your flesh is cold resistant.


Message History

You feel resistant to cold.
You feel fantastic!
* * * LOW HITPOINT WARNING * * *
You feel sick.
The killer bee stings you but does no damage. x2
Casting: Magic Dart
Confirm with . or Enter, or press ? or * to list all spells.
Aiming: Searing Ray
Press: ? - help, Shift-Dir - straight line, f/p - killer bee
Aim: a killer bee (severely wounded)
You feel a surge of power!
The searing ray hits the killer bee.
You kill the killer bee!
Vehumet accepts your kill.
* * * LOW HITPOINT WARNING * * *
You feel sick.
Drink which item? (? for menu, Esc to quit)
It was a potion of degeneration.
There was something very wrong with that liquid.
You feel weakened.
You die...

.# #.)........##..(....####### .#
###.........#........### .#
#.........#..........### ##
###.........#.########...##
###...............## ###... #
##......####.....#..#### ###.
####........####.#........### #.
#............###.......##...#####
..#.............@...#######......
..#..........######## ######.
.##..........# ## .##..........#
# .###........## # ## ##......##
# # ######## #


There were no monsters in sight!

Vanquished Creatures
  2 orc warriors
  4 sky beasts
  An ice beast (D:6)
  5 ogres
  A black bear (D:6)
  A phantom (D:6)
  2 giant frogs
  A big kobold (D:7)
  6 killer bees
  A scorpion (D:6)
  3 wights
  4 crimson imps
  2 orc wizards
  6 hounds
  A centaur skeleton (D:6)
  A jelly (D:5)
  A giant frog skeleton (D:4)
  6 worker ants
  An iguana (D:5)
  A worker ant zombie (D:7)
  2 hound skeletons
  9 gnolls
  7 adders
  2 shadow imps
  3 oozes
  An adder skeleton (D:7)
  6 giant geckos
  26 orcs
  9 giant cockroaches
  12 hobgoblins
  12 jackals
  7 quokkas
  5 ball pythons
  9 bats
  A giant gecko skeleton (D:6)
  2 giant newts
  5 goblins
  5 kobolds
  2 quokka skeletons
  5 rats
180 creatures vanquished.

Notes
Turn   | Place    | Note
--------------------------------------------------------------
     0 | D:1      | seren the Draconian Conjurer began the quest for the Orb.
     0 | D:1      | Reached XP level 1. HP: 14/14 MP: 3/3
   494 | D:1      | Reached XP level 2. HP: 20/20 MP: 1/5
  1298 | D:2      | Reached skill level 5 in Conjurations
  1298 | D:2      | Reached XP level 3. HP: 14/26 MP: 0/6
  1514 | D:2      | Learned a level 2 spell: Searing Ray
  1581 | D:2      | Noticed a moth of wrath
  1904 | D:3      | Found a faded altar to an unknown god.
  1963 | D:3      | Reached XP level 4. HP: 27/33 MP: 0/7
  2249 | D:3      | Found a stormy altar of Qazlal.
  2769 | D:3      | Noticed an ice beast
  2843 | D:3      | Reached skill level 6 in Conjurations
  3355 | D:4      | Reached XP level 5. HP: 35/38 MP: 1/8
  3541 | D:4      | Noticed Sigmund
  4220 | D:5      | Entered Level 5 of the Dungeon
  4224 | D:5      | Noticed a sky beast
  4524 | D:4      | Found an ancient bone altar of Kikubaaqudgha.
  4585 | D:4      | Reached skill level 7 in Conjurations
  5075 | D:4      | Noticed an ogre
  5152 | D:5      | Killed a sky beast
  5152 | D:5      | Reached XP level 6. HP: 7/45 MP: 0/10
  5730 | D:4      | Noticed an ogre
  5730 | D:4      | Noticed a sky beast
  5736 | D:5      | Killed an ogre
  5736 | D:5      | Reached skill level 8 in Conjurations
  5736 | D:5      | Your scales start taking on a weird mottled colour.
  5736 | D:5      | Reached XP level 7. HP: 26/50 MP: 6/11
  5917 | D:5      | Noticed an ogre
  5925 | D:5      | Killed an ogre
  6426 | D:5      | Found an iron altar of Okawaru.
  6763 | D:5      | Reached skill level 1 in Fighting
  6763 | D:5      | Reached skill level 1 in Staves
  7032 | D:6      | Noticed kraktruk's ghost (novice DrMo)
  7612 | D:6      | Reached XP level 8. HP: 61/61 MP: 8/13
  8832 | D:6      | Reached skill level 9 in Conjurations
  9184 | D:7      | Found a staircase to the Ecumenical Temple.
  9194 | Temple   | Entered the Ecumenical Temple
  9258 | D:7      | Found a snail-covered altar of Cheibriados.
 10298 | D:7      | Learned a level 4 spell: Iskenderun's Mystic Blast
 10312 | D:7      | Learned a level 5 spell: Iskenderun's Battlesphere
 10489 | D:6      | Reached XP level 9. HP: 44/71 MP: 10/15
 10631 | D:7      | Reached skill level 1 in Charms
 11431 | D:7      | Found a radiant altar of Vehumet.
 11445 | D:7      | Became a worshipper of Vehumet
 11666 | D:7      | Reached skill level 10 in Conjurations
 12487 | D:7      | HP: 3/72 [poisoned by a killer bee]
 12490 | D:7      | Gained mutation: Your flesh is cold resistant. [potion of beneficial mutation]
 12490 | D:7      | HP: 1/72 [poisoned by a killer bee]
 12492 | D:7      | Succumbed to a killer bee's poison

Action                   |  1- 3 |  4- 6 |  7- 9 || total
-------------------------+-------+-------+-------++-------
Melee: Unarmed           |     6 |       |       ||     6
       Club              |    17 |    19 |       ||    36
       Whip              |       |   115 |       ||   115
       Staff             |       |       |   117 ||   117
       Quarterstaff      |       |       |    37 ||    37
 Fire: Blowgun           |       |       |     4 ||     4
Throw: Stone             |       |     1 |     6 ||     7
 Cast: Magic Dart        |    58 |   116 |   257 ||   431
       Searing Ray       |       |     3 |    35 ||    38
 Abil: Breathe Sticky Fl |       |       |     1 ||     1
Evoke: Wand              |       |       |     2 ||     2
  Use: Scroll            |       |     2 |     7 ||     9
       Potion            |       |     1 |     4 ||     5
 Stab: Sleeping          |       |     1 |       ||     1
  Eat: Chunk             |     4 |    11 |     9 ||    24
       Fruit             |       |     4 |     4 ||     8
       Bread ration      |       |       |     3 ||     3
